 Dungeon Crawl Stone Soup version 0.29.0-4-gdea44cf6ec (webtiles) character file.

Game seed: 2778554615458225086

181 qw the Chopper (level 5, -3/32 HPs)
             Began as a Gargoyle Fighter on Sept 9, 2022.
             Slain by an orc priest
             ... wielding a +3 mace of protection
              (6 damage)
             ... on level 3 of the Dungeon.
             The game lasted 00:01:11 (2985 turns).

qw the Chopper (Gargoyle Fighter)                   Turns: 2985, Time: 00:01:12

Health: -3/32      AC: 10    Str: 21    XL:     5   Next: 61%
Magic:  5/5        EV:  9    Int:  9    God:
Gold:   49         SH:  4    Dex:  9    Spells: 4/4 levels left

rFire   . . .      SeeInvis .   Y - +0 war axe
rCold   . . .      Faith    .   c - +0 buckler
rNeg    + . .      Spirit   .   b - +0 scale mail
rPois   inf        Reflect  .   (no helmet)
rElec   +          Harm     .   (no cloak)
rCorr   +          Rampage  .   (no gloves)
Will    .....                   (no boots)
Stlth   ..........              (no amulet)
HPRegen 0.10/turn               i - ring of resist corrosion
MPRegen 0.09/turn               (no ring)

@: no status effects
A: sickness immunity, AC +4, negative energy resistance 1, electricity
resistance, torment resistance 1, petrification resistance
a: no special abilities


You were on level 3 of the Dungeon.
You visited 1 branch of the dungeon, and saw 3 of its levels.

You collected 89 gold pieces.
You spent 40 gold pieces at shops.


Innate Abilities, Weirdness & Mutations

You are immune to sickness and miasma.
Your stone body is resilient. (AC +4)
You are immune to poison.
You resist negative energy. (rN+)
You are resistant to electric shocks. (rElec)
You are resistant to unholy torment.
You are immune to petrification.


   Skills:
 + Level 3.3 Fighting
 - Level 5.1 Axes
 - Level 3.2 Armour
 - Level 3.2 Shields


You had 4 spell levels left.
You didn't know any spells.
Your spell library was empty.

Inventory:

Hand Weapons
 g - a +0 mace
 Y - a +0 war axe (weapon)
Armour
 b - a +0 scale mail (worn)
 c - a +0 buckler (worn)
 f - a +0 helmet
Jewellery
 i - a ring of resist corrosion (left hand)
Scrolls
 a - 2 scrolls of identify
 e - a scroll of fog
Potions
 d - a potion of might
 h - a potion of attraction
 l - a potion of curing

Dungeon Overview and Level Annotations

Branches:
Dungeon (3/15)

Altars:

Shops:
D:2 =?(!=


Message History

The orc barely misses you.
The orc priest hits you but does no damage.
You slash the orc priest!
The orc priest is heavily wounded.
You hit the orc.
The orc priest calls upon Beogh to heal the orc.
The orc's wounds heal themselves!
The orc priest hits you with a +0 hand axe.
The orc hits you but does no damage.
You slash the orc priest!
You kill the orc priest!
You closely miss the orc. The orc closely misses you.
The orc hits you with a +0 whip. You block the orc priest's attack.
Your Axes skill increases to level 5!
You barely miss the orc priest. You hit the orc.
The orc hits you with a +0 whip. The orc priest completely misses you.
You closely miss the orc.
The orc is severely wounded.
You hit the orc priest. The orc priest completely misses you.
The orc hits you but does no damage.
You hit the orc.
You kill the orc!
You hit the orc priest but do no damage.
The orc priest hits you with a +3 mace of protection.
The orc priest barely misses you.
You barely miss the orc priest.
The orc priest is moderately wounded.
The orc priest hits you but does no damage.
You closely miss the orc priest.
The orc priest is moderately wounded.
The orc priest mumbles some strange prayers to Beogh against you.
Beogh smites you!
You barely miss the orc priest.
The orc priest is moderately wounded.
The orc priest hits you with a +3 mace of protection!
You barely miss the orc priest.
The orc priest is moderately wounded.
The orc priest hits you with a +3 mace of protection.
You die...

#.. ... #.# #.# .# #.#
##.# ### #.# ..... ... #.#
.o... #..# #.# .oo...
####..#######@###......
#......)))...o)........
####.....#%.####.<........
........###%####..........
........# #.).........####
........####..........#
.............####...###
.......(########....#
.......%######......#


You could see an orc priest.

Vanquished Creatures
  An orc priest (D:3)
  Jessica (D:2)
  Robin (D:3)
  2 adders
  4 worms (D:2)
  2 dart slugs
  An orc (D:3)
  2 endoplasms (D:1)
  5 giant cockroaches
  13 goblins
  9 hobgoblins
  8 jackals (D:1)
  6 kobolds
  3 quokkas
  3 ball pythons (D:1)
  3 bats (D:1)
  6 frilled lizards
  3 rats
73 creatures vanquished.

Notes
Turn   | Place    | Note
-------+----------+-------------------------------------------
     0 | D:1      | qw the Gargoyle Fighter began the quest for the Orb.
     0 | D:1      | Reached XP level 1. HP: 14/14 MP: 1/1
     0 | D:1      | 0 ||| qw: Version: 0.1-a-113-g051387a
     0 | D:1      | 0 ||| qw: Game counter: 7024
     0 | D:1      | 0 ||| qw: Always use a shield: true
     0 | D:1      | 0 ||| qw: God list: Okawaru
     0 | D:1      | 0 ||| qw: Allow faded altars: false
     0 | D:1      | 0 ||| qw: Do Orc after D:15 true
     0 | D:1      | 0 ||| qw: Do second Lair branch before Depths: true
     0 | D:1      | 0 ||| qw: Lair rune preference: random
     0 | D:1      | 0 ||| qw: Plans: Normal, Zot, God:TSO, Crypt, Tomb, Zig,
                  | Orb
     0 | D:1      | 0 ||| PLANNING D:1-11
   114 | D:1      | Reached skill level 2 in Axes
   666 | D:1      | 666 ||| Stepping ~*~*~tactically~*~*~ (stealth).
   672 | D:1      | Reached XP level 2. HP: 19/19 MP: 2/2
   708 | D:1      | 708 ||| Stepping ~*~*~tactically~*~*~ (stealth).
   724 | D:1      | 724 ||| Stepping ~*~*~tactically~*~*~ (stealth).
   727 | D:1      | 727 ||| Stepping ~*~*~tactically~*~*~ (stealth).
   728 | D:1      | 728 ||| Stepping ~*~*~tactically~*~*~ (stealth).
   730 | D:1      | 730 ||| Stepping ~*~*~tactically~*~*~ (stealth).
   852 | D:1      | 852 ||| DROPPING +0 club.
   863 | D:1      | 863 ||| Stepping ~*~*~tactically~*~*~ (stealth).
   884 | D:1      | 884 ||| Stepping ~*~*~tactically~*~*~ (stealth).
   886 | D:1      | 886 ||| Stepping ~*~*~tactically~*~*~ (stealth).
   895 | D:1      | Reached skill level 3 in Axes
  1014 | D:1      | Reached XP level 3. HP: 19/23 MP: 3/3
  1520 | D:1      | 1520 ||| Stepping ~*~*~tactically~*~*~ (stealth).
  1735 | D:1      | 1735 ||| READING 2 scrolls labelled FUJESSA USCH.
  1736 | D:1      | 1736 ||| READING 2 scrolls labelled HOLINOUPPUERU.
  1737 | D:1      | 1737 ||| DROPPING scroll of amnesia.
  1827 | D:2      | Found Qiroynt's Antique Weapon Boutique.
  1851 | D:2      | 1851 ||| SHOPLISTING flail (87 gold, have 34).
  1851 | D:2      | 1851 ||| SHOPLISTING translucent hand axe (200 gold, have
                  | 34).
  1851 | D:2      | 1851 ||| SHOPLISTING twisted morningstar (225 gold, have
                  | 34).
  1920 | D:2      | Found Kodiraq's Magic Scroll Shop.
  1932 | D:2      | Reached XP level 4. HP: 28/28 MP: 4/4
  1949 | D:2      | 1949 ||| Stepping ~*~*~tactically~*~*~ (stealth).
  1990 | D:2      | 1990 ||| SHOPLISTING scroll of enchant armour (75 gold,
                  | have 48).
  1990 | D:2      | 1990 ||| BUYING scroll of fog (40 gold).
  1990 | D:2      | Bought a scroll of fog for 40 gold pieces
  1990 | D:2      | 1990 ||| SHOPLISTING scroll of identify (20 gold, have 8).
  1990 | D:2      | 1990 ||| SHOPLISTING scroll of teleportation (30 gold, have
                  | 8).
  1994 | D:2      | Found Dynnoczi's Jewellery Shoppe.
  2003 | D:2      | 2003 ||| SHOPLISTING +4 ring of evasion (504 gold, have
                  | 19).
  2003 | D:2      | 2003 ||| SHOPLISTING amulet of regeneration (420 gold, have
                  | 19).
  2003 | D:2      | 2003 ||| SHOPLISTING ring of positive energy (280 gold,
                  | have 19).
  2003 | D:2      | 2003 ||| SHOPLISTING ring of protection from cold (350
                  | gold, have 19).
  2003 | D:2      | 2003 ||| SHOPLISTING ring of see invisible (210 gold, have
                  | 19).
  2003 | D:2      | 2003 ||| SHOPLISTING ring of willpower (350 gold, have 19).
  2034 | D:2      | Found Hieqi's Distillery.
  2041 | D:2      | Found Ahoos's Jewellery Shop.
  2042 | D:2      | 2042 ||| SHOPLISTING 2 potions of experience (1000 gold,
                  | have 19).
  2042 | D:2      | 2042 ||| SHOPLISTING potion of curing (30 gold, have 19).
  2042 | D:2      | 2042 ||| SHOPLISTING potion of resistance (100 gold, have
                  | 19).
  2110 | D:2      | 2110 ||| SHOPLISTING amulet of the acrobat (390 gold, have
                  | 30).
  2110 | D:2      | 2110 ||| SHOPLISTING ring of positive energy (260 gold,
                  | have 30).
  2110 | D:2      | 2110 ||| SHOPLISTING ring of protection from fire (325
                  | gold, have 30).
  2110 | D:2      | 2110 ||| SHOPLISTING ring of see invisible (195 gold, have
                  | 30).
  2110 | D:2      | 2110 ||| SHOPLISTING ring of willpower (325 gold, have 30).
  2277 | D:2      | Noticed Jessica
  2278 | D:2      | 2278 ||| Stepping ~*~*~tactically~*~*~ (hiding).
  2279 | D:2      | 2279 ||| Stepping ~*~*~tactically~*~*~ (hiding).
  2284 | D:2      | Reached skill level 4 in Axes
  2284 | D:2      | Killed Jessica
  2454 | D:2      | 2454 ||| Stepping ~*~*~tactically~*~*~ (hiding).
  2691 | D:2      | 2691 ||| UPGRADING to ring of resist corrosion.
  2692 | D:2      | 2692 ||| READING scroll labelled LENOIKK FAABLE.
  2693 | D:2      | 2693 ||| DRINKING 2 sapphire potions.
  2694 | D:2      | 2694 ||| READING 4 scrolls of identify.
  2694 | D:2      | 2694 ||| IDENTIFYING blue potion
  2695 | D:2      | 2695 ||| READING 3 scrolls of identify.
  2695 | D:2      | 2695 ||| IDENTIFYING glowing emerald potion
  2696 | D:2      | 2696 ||| READING 2 scrolls of identify.
  2696 | D:2      | 2696 ||| IDENTIFYING glowing golden potion
  2697 | D:2      | 2697 ||| DROPPING potion of brilliance.
  2698 | D:2      | 2698 ||| DROPPING potion of ambrosia.
  2702 | D:3      | 2702 ||| STAIRDANCE
  2713 | D:3      | 2713 ||| STAIRDANCE
  2753 | D:3      | Reached XP level 5. HP: 32/32 MP: 5/5
  2762 | D:3      | Noticed Robin
  2763 | D:3      | 2763 ||| Stepping ~*~*~tactically~*~*~ (stealth).
  2764 | D:3      | 2764 ||| Stepping ~*~*~tactically~*~*~ (hiding).
  2765 | D:3      | 2765 ||| Stepping ~*~*~tactically~*~*~ (stealth).
  2766 | D:3      | 2766 ||| Stepping ~*~*~tactically~*~*~ (hiding).
  2767 | D:3      | 2767 ||| Stepping ~*~*~tactically~*~*~ (hiding).
  2792 | D:3      | Killed Robin
  2969 | D:3      | 2969 ||| Stepping ~*~*~tactically~*~*~ (hiding).
  2970 | D:3      | 2970 ||| Stepping ~*~*~tactically~*~*~ (hiding).
  2972 | D:3      | 2972 ||| Stepping ~*~*~tactically~*~*~ (hiding).
  2979 | D:3      | Reached skill level 5 in Axes
  2984 | D:3      | HP: 3/32 [orc priest/+3 mace of protection (8)]
  2985 | D:3      | Slain by an orc priest

Levels and vault maps discovered:
D:1:      dpeg_arrival_boxes_within_box, layout_loops_ring
D:2:      layout_basic, serial_shops, shop, nicolae_shop_overgrown_old_shop,
          shop, nicolae_shop_competitors_out_of_business, nicolae_shop_trees,
          kennysheep_jessica_study
D:3:      layout_rooms, nicolae_overflow_crystal_walls,
          nicolae_ecumenical_snake_handling, uniq_crazy_yiuf_cottage,
          uniq_jessica, uniq_sigmund, uniq_robin

Skill      XL: |  1  2  3  4  5 |
---------------+----------------+-----
Axes           | 2 3 4 5 |  5.1
Fighting       | |  3.3
Armour         | |  3.2
Shields        | |  3.2

Action                   |  1- 3 |  4- 6 || total
-------------------------+-------+-------++-------
Melee: War axe           |   121 |    93 ||   214
  Use: Scroll            |     2 |     4 ||     6
       Potion            |       |     1 ||     1
Armor: Scale mail        |    82 |    58 ||   140
Dodge: Dodged            |    63 |    49 ||   112
Block: Buckler           |    28 |    22 ||    50

Table legend:
 A = Non-vault XP
 B = Vault XP
 C = Vault XP percentage of total XP
 D = Non-vault monster count
 E = Vault monster count
 F = Vault count percentage of total count
                 A         B        C        D         E       F
            +---------+---------+-------+---------+---------+-------
      Total |     184 |      75 |  29.0 |      59 |      14 |  19.2
            +---------+---------+-------+---------+---------+-------
        D:1 |      60 |       0 |   0.0 |      35 |       0 |   0.0
        D:2 |      59 |      39 |  39.8 |      18 |       2 |  10.0
        D:3 |      65 |      36 |  35.6 |       6 |      12 |  66.7
            +---------+---------+-------+---------+---------+-------
